 Dungeon Crawl Stone Soup version 0.29-a0-284-gf9362112df (webtiles) character file.

Game seed: 7063487107002094425

1855 jmlagarto the Cleaver (level 9, -5/78 HPs)
             Began as a Hill Orc Cinder Acolyte on Mar 15, 2022.
             Was an Initiate of Yredelemnul.
             Slain by a fire elemental (12 damage)
             ... created by the fiery vengeance of Ignis
             ... on level 7 of the Dungeon.
             The game lasted 00:18:25 (7568 turns).

jmlagarto the Cleaver (Hill Orc Cinder Acolyte)     Turns: 7568, Time: 00:18:26

Health: -5/78      AC:  6    Str: 28    XL:     9   Next: 12%
Magic:  10/10      EV: 11    Int: 16    God:    Yredelemnul [......]
Gold:   346        SH:  0    Dex:  3    Spells: 10/10 levels left

rFire   . . .      SeeInvis +   O - +8 trident of Honour {drain, rN+ Int+2 Dex-5}
rCold   . . .      Faith    .   p - orb {guile}
rNeg    + . .      Spirit   .   C - +0 robe of Ashenzari's Hatred {-Tele Str+9}
rPois   .          Reflect  .   (no helmet)
rElec   .          Harm     .   (no cloak)
rCorr   .          Rampage  .   (no gloves)
Will    .....      NoTele   +   (no boots)
Stlth   ++........              (no amulet)
HPRegen 0.23/turn               m - +4 ring of protection
MPRegen 0.12/turn               q - ring of see invisible

@: fire susceptible
A: no striking features
a: Renounce Religion, Recall Undead Harvest


You were on level 7 of the Dungeon.
You worshipped Yredelemnul.
Yredelemnul was noncommittal.
You visited 2 branches of the dungeon, and saw 8 of its levels.

You collected 346 gold pieces.

Inventory:

Hand Weapons
 a - a -1 hand axe of flaming
 B - a +4 quarterstaff of chaos
 O - the +8 trident of Honour (weapon) {drain, rN+ Int+2 Dex-5}
   (You found it on level 5 of the Dungeon)

   A truly terrible weapon, it drains the life of any living foe it strikes.
   Int:       It affects your intelligence (+2).
   Dex:       It affects your dexterity (-5).
   rN:        It protects you from negative energy.
Missiles
 d - 2 throwing nets (quivered)
 k - 3 poisoned darts
Armour
 b - a +0 robe
 p - an orb of guile (worn)
 C - the +0 robe of Ashenzari's Hatred (worn) {-Tele Str+9}
   (You found it on level 3 of the Dungeon)

   Str:       It affects your strength (+9).
   -Tele:     It prevents most forms of teleportation.
 L - a +0 plate armour
Magical Staves
 u - a staff of death
Jewellery
 g - a ring of willpower
 j - a ring of flight
 m - a +4 ring of protection (left hand)
 q - a ring of see invisible (right hand)
 w - a ring of willpower
 x - a ring of see invisible
 y - a ring of fire
 D - a ring of protection from fire
 S - a ring of magical power
 T - a +6 ring of strength
Wands
 e - a wand of acid (8)
 o - a wand of polymorph (1)
 v - a wand of iceblast (5)
 J - a wand of flame (32)
Scrolls
 f - a scroll of blinking
 l - 4 scrolls of teleportation
 r - 4 scrolls of immolation
 s - 3 scrolls of noise
 A - a scroll of brand weapon
 E - 4 scrolls of enchant armour {unknown}
 F - 4 scrolls of identify
 H - a scroll of torment {unknown}
 I - a scroll of fear
 N - a scroll of magic mapping {unknown}
 Q - a scroll of vulnerability {unknown}
 V - a scroll of amnesia {unknown}
Potions
 c - a potion of berserk rage
 h - a potion of might
 i - a potion of invisibility
 n - a potion of degeneration
 t - 2 potions of heal wounds
 z - 2 potions of ambrosia
 G - a potion of cancellation {unknown}
 K - a potion of resistance {unknown}
 M - a potion of lignification {unknown}
 P - 2 potions of flight {unknown}
 R - a potion of haste {unknown}
 U - a potion of magic {unknown}


   Skills:
 + Level 6.5 Fighting
 + Level 9.3(10.0) Axes
 + Level 4.7(6.9) Polearms
 + Level 4.1 Dodging
 + Level 3.8 Stealth
 + Level 1.0 Spellcasting
 + Level 3.7 Fire Magic


You had 10 spell levels left.
You didn't know any spells.
Your spell library contained the following spells:

 Spells                   Type           Power      Damage    Failure   Level
 Scorch                   Fire           24%        2d6       8%          2
 Corpse Rot               Necr/Air       0%         N/A       34%         2
 Ozocubu's Armour         Ice            0%         N/A       56%         3
 Dispel Undead            Necr           0%         3d6       92%         4
 Summon Forest            Summ/Tloc      0%         N/A       99%         5
 Eringya's Noxious Bog    Tmut/Pois      0%         N/A       100%        6
 Ozocubu's Refrigeration  Ice            0%         4d5       100%        7
 Summon Hydra             Summ           0%         N/A       100%        7
 Death Channel            Necr           Unusable   N/A       N/A         6

Dungeon Overview and Level Annotations

Branches:
Dungeon (7/15)             Temple (1/1) D:6

Altars:
Ashenzari
Cheibriados
Dithmenos
Elyvilon
Fedhas
Gozag
Hepliaklqana
Kikubaaqudgha
Makhleb
Nemelex Xobeh
Okawaru
Qazlal
Ru
Sif Muna
Trog
Uskayaw
Vehumet
Wu Jian
Xom
Yredelemnul
Zin
The Shining One

Shops:
D:7 !


Message History

The wight is heavily damaged.
The wight hits you with a +4 dagger.
* * * LOW HITPOINT WARNING * * *
The wight attacks as you move away! The wight closely misses you.
Okay, then.
You closely miss the wight.
The wight is heavily damaged.
The wight hits you with a +4 dagger.
* * * LOW HITPOINT WARNING * * *
You hit the wight.
The wight is almost destroyed.
The wight hits you but does no damage.
You hit the wight.
You destroy the wight!
Your life force feels restored.
Ignis calls forth spirits of fire to unmake you! 3 fire elementals come into view.
You cannot blink because you are wearing the +0 robe of Ashenzari's Hatred {-Tele Str+9}.
You miss the fire elemental. The fire elemental hits you.
The fire elemental burns you!
You puncture the fire elemental!
The fire elemental is moderately damaged.
The fire elemental hits you. The fire elemental burns you!
You cannot blink because you are wearing the +0 robe of Ashenzari's Hatred {-Tele Str+9}.
Unknown command.
You puncture the fire elemental!
The fire elemental is severely damaged.
The fire elemental hits you. The fire elemental burns you!
The fire elemental misses you.
You hit the fire elemental.
The fire elemental is severely damaged.
The fire elemental hits you. The fire elemental burns you!
* * * LOW HITPOINT WARNING * * *
The fire elemental hits you. The fire elemental burns you!
* * * LOW HITPOINT WARNING * * *
The fire elemental hits you.
* * * LOW HITPOINT WARNING * * *
The fire elemental burns you!
You die...
Your body rises from the dead as a mindless zombie.

######### #.......#
##########..(.##.#
.........#....##.#
.........#....##.#
.........#.#####.#
.........#.#####.#######
..>......'○EE@E.<.......
.......∩.#.#############
.........#.#
.......###.# ##..... ...
##.... #.# #.... #.#
##### #.. ##.


You could see 3 fire elementals.

Vanquished Creatures
  A shadow (D:6)
  Eustachio (D:6)
  Duvessa (D:6)
  An ice beast (D:5)
  An ogre (D:6)
  Blork the orc (D:6)
  6 scorpions
  3 wights (D:7)
  Dowan (D:6)
  2 hounds
  2 orc priests
  2 jellies
  Crazy Yiuf (D:3)
  7 iguanas
  Natasha (thrice) (D:3)
  6 adders
  3 gnolls (D:4)
  A white imp (D:6)
  An ufetubus (D:4)
  A worm (D:3)
  4 dart slugs
  10 orcs
  5 endoplasms
  5 giant cockroaches
  9 hobgoblins
  A jackal (D:3)
  8 kobolds
  3 quokkas
  5 ball pythons
  4 bats
  2 frilled lizards (D:1)
  7 goblins
  5 rats
  A spectral hobgoblin (D:2)
114 creatures vanquished.

Vanquished Creatures (others)
  41 foxfires
  5 fungi (D:3)
  A plant (D:1)
47 creatures vanquished.

Grand Total: 161 creatures vanquished

Notes
Turn   | Place    | Note
-------+----------+-------------------------------------------
     0 | D:1      | jmlagarto the Hill Orc Cinder Acolyte began the quest for
                  | the Orb.
     0 | D:1      | Reached XP level 1. HP: 19/19 MP: 2/2
   398 | D:1      | Reached XP level 2. HP: 20/26 MP: 3/3
  1227 | D:1      | Reached XP level 3. HP: 33/33 MP: 4/4
  1784 | D:2      | Found a faded altar of an unknown god.
  2390 | D:3      | Reached skill level 5 in Axes
  2481 | D:3      | Noticed Natasha
  2486 | D:3      | Killed Natasha
  2487 | D:3      | Reached XP level 4. HP: 34/41 MP: 5/5
  2543 | D:3      | Noticed Natasha
  2551 | D:3      | Killed Natasha
  2562 | D:3      | Reached skill level 1 in Dodging
  2641 | D:3      | Reached XP level 5. HP: 47/47 MP: 6/6
  2662 | D:3      | Noticed Natasha
  2671 | D:3      | Killed Natasha
  2672 | D:3      | Reached skill level 1 in Stealth
  3088 | D:3      | Reached skill level 6 in Axes
  3471 | D:3      | Found a runed translucent door.
  3472 | D:3      | Noticed Crazy Yiuf
  3477 | D:3      | Paralysed by Crazy Yiuf for 7 turns
  3483 | D:3      | Killed Crazy Yiuf
  3700 | D:3      | Identified the +0 robe of Ashenzari's Hatred {-Tele Str+9}
  3819 | D:4      | Reached XP level 6. HP: 22/53 MP: 7/7
  4387 | D:4      | Reached skill level 7 in Axes
  4970 | D:5      | Entered Level 5 of the Dungeon
  4987 | D:5      | Reached skill level 5 in Fighting
  4987 | D:5      | Reached XP level 7. HP: 59/61 MP: 8/8
  5280 | D:5      | Reached skill level 8 in Axes
  5688 | D:5      | Identified the +8 trident of Honour {drain, rN+ Int+2
                  | Dex-5}
  5712 | D:6      | Noticed Duvessa
  5712 | D:6      | Noticed Blork the orc
  5713 | D:6      | Noticed Dowan
  5718 | D:6      | Killed Blork the orc
  5723 | D:6      | Killed Duvessa
  5724 | D:6      | Reached XP level 8. HP: 38/69 MP: 9/9
  5730 | D:6      | Killed Dowan
  5968 | D:6      | Found a staircase to the Ecumenical Temple.
  6106 | D:6      | Reached skill level 1 in Polearms
  6116 | D:6      | Reached skill level 9 in Axes
  6320 | D:6      | Found a sacrificial altar of Ru.
  6529 | D:6      | Noticed Eustachio
  6561 | D:6      | Killed Eustachio
  6732 | D:6      | Noticed a shadow
  6818 | D:6      | Killed a shadow
  6819 | D:6      | Reached XP level 9. HP: 73/78 MP: 10/10
  6955 | Temple   | Entered the Ecumenical Temple
  7280 | Temple   | Fell from the grace of Ignis
  7280 | Temple   | Became a worshipper of Yredelemnul the Dark
  7346 | D:7      | Found Pazeudgh's Distillery.
  7568 | D:7      | Slain by a fire elemental

Illustrated notes

Levels and vault maps discovered:
D:1:      lemuel_arrival_cross, layout_loops_ring, serial_forest,
          infiniplex_forest_corner_1, infiniplex_forest_lined_2,
          infiniplex_forest_lined_3_way, infiniplex_forest_lined_2,
          infiniplex_forest_clump_diagonal, infiniplex_forest_lined_2,
          infiniplex_forest_clump_double, infiniplex_forest_clump_double,
          infiniplex_forest_lined_room_3, infiniplex_forest_diagonal
D:2:      layout_loops_ring, dreamdust_ecumenical_altar_drowned_temple,
          small_statue_intersection, st_stairs_7, dreamdust_princess_bridge
D:3:      minmay_chambers_of_twos, layout_basic, uniq_natasha,
          uniq_crazy_yiuf_cottage
D:4:      layout_gridville, minmay_misc_feat_diagonals, minmay_misc_feat_chi,
          st_stairs_2
D:5:      layout_cave_pools
D:6:      layout_cave_pools, mainiacjoe_overflow_brackets,
          minmay_temple_entry_purple_smoke, uniq_duvessa, uniq_eustachio,
          uniq_blork_the_orc
D:7:      layout_basic, serial_shops, shop
Temple:   mainiacjoe_temple_hex_bubbles

Skill      XL: |  1  2  3  4  5  6  7  8 |
---------------+-------------------------+-----
Fighting       | 4 5 6 |  6.5
Axes           | 5 6 7 8 9 |  9.3
Dodging        | 1 2 3 4 |  4.1
Stealth        | 1 2 3 |  3.8
Polearms       | 4 |  4.7
Spellcasting   | |  1.0
Fire Magic     | |  3.7

Action                   |  1- 3 |  4- 6 |  7- 9 || total
-------------------------+-------+-------+-------++-------
Melee: Hand axe          |   105 |   135 |    48 ||   288
       Punch             |     2 |     3 |       ||     5
       Trident           |       |       |    97 ||    97
Invok: Fiery Armour      |     2 |     6 |     3 ||    11
       Foxfire Swarm     |     1 |       |     1 ||     2
  Use: Scroll            |     6 |     6 |       ||    12
       Potion            |       |       |     1 ||     1
 Stab: Sleeping          |       |     5 |     1 ||     6
Armor: Robe              |    25 |    51 |    52 ||   128
Dodge: Dodged            |    56 |    84 |   100 ||   240

Table legend: (Time is in decaauts)
 A = Elapsed time spent in this place.
 B = Non-inter-level travel time spent in this place.
 C = Inter-level travel time spent in this place.
 D = Time resting spent in this place.
 E = Time spent auto-exploring this place.
 F = Levels seen in this place.
 G = Mean time per level.
                   A        B        C        D        E       F      G
               +--------+--------+--------+--------+--------+-----+--------+
         Total |   7586 |   7078 |    508 |      0 |   5913 |   8 |  948.2 |
       Dungeon |   7233 |   6752 |    481 |      0 |   5685 |   7 | 1033.3 |
        Temple |    352 |    325 |     27 |      0 |    228 |   1 |  352.0 |
               +--------+--------+--------+--------+--------+-----+--------+

Top non-repeatable levels by time:
     D:3: 1453 daAuts
     D:1: 1377 daAuts
     D:6: 1266 daAuts
     D:4: 1157 daAuts
     D:2: 1003 daAuts
     D:5: 736 daAuts
  Temple: 352 daAuts
     D:7: 239 daAuts
